SFUSFJ, neutral female scurrid Archeologist ..................................... ................................. ....................%........ ......................... }}}}................. -}................. |}....^............ |}................. |}................. |}.[............... ... +...!.............. ...... |}.??.............. ......... |}.[!.............. ............. |}................. ................ |}................. .................... -------------------------------------}................. ....................}}}}}}}}}}}}}}}}}}}}}}}}}}}}}}}}}}}}}}}................. .....................................M....S.....M....S.S.................... .................................S.......................................... .s........%......................@..........S.....M......................... SFUSFJ the Digger Experience level: 1 Strength: 12 Dexterity: 8 Constitution: 14 Intelligence: 16 Wisdom: 17 Charisma: 8 Health: 0(12) Energy: 2(2) Def: 2 Gold: 226 Moves: 59 Dungeon seed: x7DyhOkLupXV0wqU Game ID: SFUSFJ_1498725346 Your Inventory: Coins $ - 226 gold pieces Weapons a - an uncursed +2 bullwhip Armor e - an uncursed +0 leather jacket (being worn) n - an uncursed +0 pair of leather gloves (being worn) Comestibles b - 3 uncursed chestnuts Wands d - an uncursed wand of light (0:14) Tools c - an uncursed pair of lenses f - an uncursed sack g - an uncursed tin opener (alternate weapon; not wielded) h - an uncursed oil lamp (0:1394) Gems q - an uncursed touchstone Spells and supernatural/magical abilities: Name Level Category Fail Memory W - pray for help -- divine ? -- Your skills at the end: Miscellaneous Skills wands [Basic] Weapon Skills whip [Basic] Spellcasting Skills Final Attributes: You were devoutly aligned. You had infravision. You were very stealthy. You were fast. You are dead. Voluntary challenges: You went without food. You did not adorn yourself with jewelry or accessories. You did not cause conflict. You were not invisible. You did not have reflection. You were not displaced. You never hit with a wielded weapon. You were a pacifist. You did not use tools. You did not use plumbed fixtures. You did not drink any magical draughts. You were illiterate. You never genocided any monsters. You never polymorphed an object. You never changed form. You used no wishes. You never split a pudding. You never wrote Elbereth's name. You never violated your personal moral code. Dungeon overview: The Dungeons of Doom: levels 1 to 12 Level 1 a long staircase Level 2 Level 3 Level 4 Level 5 Level 6 Level 7 Level 8 an altar to Quetzalcoatl Level 9 Level 10 Level 11 Level 12 portal to The Quest The Quest: Level 1 <- You were here portal to The Dungeons of Doom History has recorded: On T:1 you entered the Dungeons of Doom to retrieve the Amulet of Yendor! On T:6 you reached level 2 of The Dungeons of Doom. On T:8 you reached level 3 of The Dungeons of Doom. On T:10 you reached level 4 of The Dungeons of Doom. On T:11 you reached level 5 of The Dungeons of Doom. On T:13 you reached level 6 of The Dungeons of Doom. On T:15 you reached level 7 of The Dungeons of Doom. On T:18 you reached level 8 of The Dungeons of Doom. On T:21 you reached level 9 of The Dungeons of Doom. On T:23 you reached level 10 of The Dungeons of Doom. On T:25 you reached level 11 of The Dungeons of Doom. On T:27 you reached level 12 of The Dungeons of Doom. On T:32 you reached level 1 of The Quest. On T:59 you prayed to Camaxtli. Score breakdown: Gold: 226 ( 22 points) Experience: 1 level ( 0 points) Exploration: 12 levels ( 330 points) Discoveries: 0 items ( 0 points) Variety of kills: 0 monsters ( 0 points) Major goal: (nothing yet) ( 0 points) Survival: died (score multiplied by 3) Total score: 1056 Latest messages: You continue digging downward. You dig a hole through the floor. You fall through... You start digging downward. You continue digging downward. You dig a pit in the floor. You continue digging downward. You dig a hole through the floor. You fall through... You receive a faint telepathic message from Lord Carnarvon: Your help is urgently needed at the College of Archeology! Look for a ...ic transporter. You couldn't quite make out that last message. You activated a magic portal! You feel dizzy for a moment, but the sensation passes. The orc mummy scratches you! (2x) The snake bites! You begin praying to Camaxtli. The snake bites! You die... The sack is empty. The sack is empty. Final status: Goodbye SFUSFJ the Archeologist, killed by a snake, while praying... You died in The Quest on dungeon level 1 with 1056 points, and 226 pieces of gold, after 59 moves. You were level 1 with a maximum of 12 hit points when you died.